 Dungeon Crawl Stone Soup version 0.25-a0-781-gc44aebf4fe (webtiles) character file.

Game seed: 8326128332819769839, levelgen mode: deterministic

1292 Maedhros the Sneak (level 8, -2/52 HPs)
             Began as an Octopode Artificer on Apr 16, 2020.
             Was an Elder of Cheibriados.
             Slain by an ogre
             ... wielding a +0 giant club
              (10 damage)
             ... on level 7 of the Dungeon.
             The game lasted 00:09:50 (3910 turns).

Maedhros the Sneak (Octopode Artificer)             Turns: 3910, Time: 00:09:55

Health: -2/52      AC:  5    Str: 24    XL:     8   Next: 56%
Magic:  7/10       EV: 16    Int: 24    God:    Cheibriados [****..]
Gold:   395        SH:  0    Dex: 26    Spells: 7/7 levels left

rFire    . . .     SeeInvis .     - Unarmed
rCold    . . .     Gourm    .   (no shield)
rNeg     + . .     Faith    .   C - +2 hat
rPois    +         Spirit   .   (no amulet)
rElec    .         Reflect  .   r - ring of wizardry
rCorr    .         Harm     .   m - ring of poison resistance
MR       .....                  y - ring of positive energy
Stlth    +++++.....             x - +4 ring of strength
HPRegen  0.17/turn              (no ring)
MPRegen  0.12/turn              (no ring)
                                (no ring)
                                (no ring)

@: stab, flying, very slow
A: almost no armour, stealthy swim, amphibious, 8 rings, constrict 8, molten
scales 1, camouflage 1, agile 1, clever 1, screaming 1, gelatinous body 1
a: Bend Time, Temporal Distortion, Slouch, Renounce Religion


You were on level 7 of the Dungeon.
You worshipped Cheibriados.
Cheibriados was greatly pleased with you.
You were hungry.

You visited 1 branch of the dungeon, and saw 7 of its levels.
You also visited: Sewer.

You collected 395 gold pieces.

Inventory:

Hand Weapons
 a - a +0 short sword
Missiles
 q - 42 poisoned darts (quivered)
 s - 5 silver javelins
Armour
 C - a +2 hat (worn)
Jewellery
 m - a ring of poison resistance (right tentacle)
 r - a ring of wizardry (left tentacle)
 x - a +4 ring of strength (on tentacle)
 y - a ring of positive energy (on tentacle)
Wands
 b - a wand of flame (8)
 c - a wand of enslavement (9)
 d - a wand of random effects (15)
 l - a wand of paralysis (1)
 B - a wand of polymorph (3)
Scrolls
 e - 7 scrolls of teleportation
 o - 3 scrolls of enchant weapon {unknown}
 p - 3 scrolls of remove curse
 v - a scroll of enchant armour {unknown}
 w - 2 scrolls of fog {unknown}
 z - a scroll of vulnerability {unknown}
Potions
 j - 2 potions of might
 k - a potion of curing
 n - 3 potions of magic
 u - a potion of degeneration {unknown}
 A - a potion of lignification {unknown}
 D - a potion of brilliance {unknown}
Comestibles
 f - 12 rations


   Skills:
 + Level 3.5 Fighting
 - Level 1.0 Short Blades
 + Level 4.0 Dodging
 + Level 7.2 Stealth
 * Level 7.0 Unarmed Combat
 - Level 3.2 Evocations


You had 7 spell levels left.
You didn't know any spells.
Your spell library was empty.

Dungeon Overview and Level Annotations

Branches:
Dungeon (7/15)             Temple (0/1) D:6           Sewer (visited)

Altars:
Ashenzari
Cheibriados
Dithmenos
Elyvilon
Fedhas
Hepliaklqana
Qazlal
Trog
Vehumet
Wu Jian
Xom

Annotations:
D:7 Harold


Innate Abilities, Weirdness & Mutations

You cannot wear most types of armour.
You are very stealthy in the water. (Stealth+)
You are amphibious.
You can wear up to eight rings at the same time.
You can use your tentacles to constrict eight enemies at once.
Your skin changes colour to match your surroundings (Stealth+).
Your rubbery body absorbs attacks. (AC +1, EV +1)
You are partially covered in molten scales. (AC +2)
You are agile. (Dex +2)
Your mind is acute. (Int +2)
You occasionally shout uncontrollably at your foes.


Message History

You completely miss the orc. Your grab misses the orc.
The orc completely misses you. The orc barely misses you.
You tentacle-slap the orc. You grab the orc.
The orc is almost dead.
You constrict the orc.
You kill the orc!
Cheibriados thoroughly appreciates the change of pace.
The orc closely misses you.
You tentacle-slap the orc but do no damage.
You grab the orc. You squeeze the orc.
The orc is moderately wounded.
You constrict the orc.
The helpless ogre fails to defend itself.
You tentacle-slap the ogre.
The ogre is lightly wounded.
You constrict the orc.
The ogre is no longer paralysed.
The orc hits you with a +0 whip.
* * * LOW HITPOINT WARNING * * *
The ogre hits you with a +0 giant club!
You die...

#. #.# #.#
#.# ### #.
#.# #.# #.#
#. #.# #.#
#.# #. #.#
#.# #.# #.
..# #.# #.#
#. ### #.
#.#
#####.###.#
......)o@.#
####.#@###
#O#
........#
######..#
#..# #..#
#..# #..#
#..#


You could see Harold (paralysed), an ogre and an orc.

Vanquished Creatures
  Duvessa (D:7)
  A phantom (D:7)
  A centaur (D:7)
  2 ogres
  A crocodile (Sewer)
  A big kobold (D:7)
  A bullfrog (D:6)
  A crimson imp (D:7)
  A bullfrog zombie (D:5)
  2 hounds
  2 orc wizards
  A bullfrog skeleton (D:7)
  Jessica (D:2)
  2 iguanas
  A hound skeleton (D:4)
  Robin (D:3)
  2 gnolls (D:5)
  7 adders
  2 shadow imps
  2 oozes (D:1)
  2 adder skeletons
  2 worms (D:3)
  3 dart slugs
  4 leopard geckos
  15 orcs
  4 giant cockroaches
  13 goblins
  8 hobgoblins
  2 jackals (Sewer)
  2 bats
  2 frilled lizards
  A jackal zombie (D:5)
  18 kobolds
  A leopard gecko skeleton (D:5)
  9 rats
119 creatures vanquished.

Vanquished Creatures (collateral kills)
  A crimson imp (D:5)
  3 gnolls
  An adder skeleton (D:5)
  An orc (D:5)
6 creatures vanquished.

Vanquished Creatures (others)
  An orc wizard (D:5)
  2 gnolls (D:6)
3 creatures vanquished.

Grand Total: 128 creatures vanquished

Notes
Turn   | Place    | Note
-------+----------+-------------------------------------------
     0 | D:1      | Maedhros the Octopode Artificer began the quest for the
                  | Orb.
     0 | D:1      | Reached XP level 1. HP: 13/13 MP: 3/3
    49 | D:1      | Reached skill level 1 in Unarmed Combat
    49 | D:1      | Reached XP level 2. HP: 6/18 MP: 4/4
   319 | D:2      | Noticed Robin
   483 | D:3      | Reached XP level 3. HP: 19/23 MP: 5/5
   582 | D:3      | Found a shadowy altar of Dithmenos.
   772 | D:3      | Found a stormy altar of Qazlal.
   773 | D:3      | Found a shattered altar of Ashenzari.
   773 | D:3      | Found a blossoming altar of Fedhas.
   773 | D:3      | Found a white marble altar of Elyvilon.
   774 | D:3      | Found a bloodstained altar of Trog.
   775 | D:3      | Found a snail-covered altar of Cheibriados.
   776 | D:3      | Found a radiant altar of Vehumet.
   777 | D:3      | Found a hazy altar of Hepliaklqana.
   779 | D:3      | Became a worshipper of Cheibriados the Contemplative
   813 | D:3      | Killed Robin
   853 | D:2      | Reached XP level 4. HP: 23/28 MP: 6/6
   943 | D:2      | Noticed Jessica
   948 | D:2      | Killed Jessica
  1014 | D:1      | Reached * piety under Cheibriados
  1404 | D:1      | Reached XP level 5. HP: 25/33 MP: 7/7
  1756 | D:2      | Reached ** piety under Cheibriados
  2056 | D:3      | Found a shimmering altar of Xom.
  2226 | D:4      | Noticed an ogre
  2235 | D:4      | Killed an ogre
  2235 | D:4      | Reached skill level 5 in Stealth
  2235 | D:4      | Reached XP level 6. HP: 20/38 MP: 8/8
  2430 | D:4      | Reached skill level 5 in Unarmed Combat
  2608 | D:5      | Entered Level 5 of the Dungeon
  2671 | D:5      | Found a glowing drain.
  2675 | Sewer    | Entered a sewer
  2919 | D:5      | Reached *** piety under Cheibriados
  3006 | D:5      | Reached XP level 7. HP: 28/44 MP: 9/9
  3403 | D:6      | Found a staircase to the Ecumenical Temple.
  3444 | D:6      | Found an ornate altar of the Wu Jian Council.
  3479 | D:6      | Reached XP level 8. HP: 29/51 MP: 10/10
  3699 | D:7      | Reached **** piety under Cheibriados
  3812 | D:7      | Noticed Dowan
  3813 | D:7      | Noticed Duvessa
  3860 | D:7      | Killed Duvessa
  3862 | D:7      | Noticed Dowan
  3862 | D:7      | Dowan changed into Dowan the iguana
  3866 | D:7      | Killed Dowan the iguana
  3884 | D:7      | Noticed Harold
  3889 | D:7      | Gained mutation: You occasionally shout uncontrollably at
                  | your foes. [potion of mutation]
  3889 | D:7      | Gained mutation: Your mind is acute. (Int +2) [potion of
                  | mutation]
  3889 | D:7      | Gained mutation: You are partially covered in molten
                  | scales. (AC +2) [potion of mutation]
  3889 | D:7      | Gained mutation: You are agile. (Dex +2) [potion of
                  | mutation]
  3910 | D:7      | Slain by an ogre

Levels and vault maps discovered:
D:1:      wander_arrival_peaceful_grave, layout_loops_ring
D:2:      layout_loops_ring, first_ration, uniq_robin, uniq_jessica
D:3:      layout_rooms, minitemple, lemuel_altar_in_water
D:4:      layout_basic
D:5:      layout_layer_cave, gup_sewer_entry_bowl,
          chequers_serial_rivers_micro_c
D:6:      layout_loops_cross, lemuel_crystal_altar, minmay_temple_entry_tees
D:7:      layout_loops_ring, kennysheep_little_box, basic_altar, serial_shops,
          shop, uniq_harold, uniq_duvessa

Skill      XL: |  1  2  3  4  5  6  7  8 |
---------------+-------------------------+-----
Stealth        | 2 3 5 6 7 |  7.2
Unarmed Combat | 1 2 3 4 5 6 7 |  7.0
Fighting       | 2 3 |  3.5
Dodging        | 3 4 |  4.0
Short Blades   | |  1.0
Evocations     | |  3.2

Action                   |  1- 3 |  4- 6 |  7- 9 || total
-------------------------+-------+-------+-------++-------
Melee: Short sword       |    50 |    81 |       ||   131
       Tentacles         |    11 |    23 |    31 ||    65
       Constrict         |    11 |    41 |    24 ||    76
       Punch             |       |     7 |     9 ||    16
       Unarmed           |       |    37 |    87 ||   124
Invok: Temporal Distorti |       |       |     1 ||     1
Evoke: Wand              |       |     6 |    19 ||    25
  Use: Scroll            |       |     7 |       ||     7
       Potion            |       |       |     6 ||     6
 Stab: Sleeping          |     1 |    12 |     5 ||    18
       Distracted        |       |     1 |       ||     1
       Paralysed         |       |       |     1 ||     1
  Eat: Chunk             |       |     3 |     2 ||     5
Armor: Skin              |     2 |     4 |     6 ||    12
Dodge: Dodged            |    38 |    70 |    63 ||   171

Table legend:
 A = Non-vault XP
 B = Vault XP
 C = Vault XP percentage of total XP
 D = Non-vault monster count
 E = Vault monster count
 F = Vault count percentage of total count
                 A         B        C        D         E       F
            +---------+---------+-------+---------+---------+-------
      Total |    1471 |     376 |  20.4 |     103 |      22 |  17.6
            +---------+---------+-------+---------+---------+-------
        D:1 |      54 |       0 |   0.0 |      25 |       0 |   0.0
        D:2 |      22 |      51 |  69.9 |       7 |       9 |  56.2
        D:3 |      90 |      19 |  17.4 |      22 |       3 |  12.0
        D:4 |     235 |       0 |   0.0 |       9 |       0 |   0.0
        D:5 |     277 |       4 |   1.4 |      14 |       2 |  12.5
        D:6 |     337 |       0 |   0.0 |      10 |       0 |   0.0
        D:7 |     456 |     189 |  29.3 |      16 |       2 |  11.1
      Sewer |       0 |     113 | 100.0 |       0 |       6 | 100.0
            +---------+---------+-------+---------+---------+-------
